 Dungeon Crawl Stone Soup version 0.29.0-15-g675c0067aa (webtiles) character file.

Game seed: 16372664113374690861

9793 qw the Severer (level 11, 0/101 HPs)
             Began as a Minotaur Berserker on Sept 11, 2022.
             Was an Elder of Trog.
             Killed from afar by Erica (19 damage)
             ... with a bolt of acid
             ... on level 10 of the Dungeon.
             The game lasted 00:03:27 (12744 turns).

qw the Severer (Minotaur Berserker)                Turns: 12744, Time: 00:03:27

Health: 0/101      AC: 16    Str: 26    XL:     11   Next: 27%
Magic:  10/10      EV:  8    Int:  4    God:    Trog [****..]
Gold:   315        SH:  0    Dex: 10    Spells: 10/10 levels left

rFire   . . .      SeeInvis .   Y - +1 war axe
rCold   . . .      Faith    .   (no shield)
rNeg    . . .      Spirit   .   o - +0 plate armour
rPois   .          Reflect  .   q - +1 hat
rElec   .          Harm     .   m - +0 cloak
rCorr   .          Rampage  .   a - +1 pair of gloves
Will    .....                   d - +0 pair of boots
Stlth   ..........              (no amulet)
HPRegen 0.26/turn               (no ring)
MPRegen 0.12/turn               (no ring)

@: corroded, on berserk cooldown, slowed, very slow
A: horns 2, retaliatory headbutt
a: Renounce Religion, Berserk, Trog's Hand, Brothers in Arms


You were on level 10 of the Dungeon.
You worshipped Trog.
Trog was greatly pleased with you.
You visited 1 branch of the dungeon, and saw 10 of its levels.

You collected 523 gold pieces.
You spent 208 gold pieces at shops.


Innate Abilities, Weirdness & Mutations

You have a pair of horns on your head.
You reflexively headbutt those who attack you in melee.


   Skills:
 - Level 10.4 Fighting
 - Level 16.0 Axes
 + Level 3.5 Throwing
 - Level 9.1 Armour
 - Level 3.2 Dodging


You had 10 spell levels left.
You didn't know any spells.
Your spell library was empty.

Inventory:

Hand Weapons
 g - a +1 hand axe of flaming
 Y - a +1 war axe (weapon)
Missiles
 j - 4 boomerangs (quivered)
 r - a javelin
Armour
 a - a +1 pair of gloves (worn)
 d - a +0 pair of boots (worn)
 m - a +0 cloak (worn)
 o - a +0 plate armour (worn)
 q - a +1 hat (worn)
Jewellery
 c - a ring of fire
Scrolls
 e - 6 scrolls of identify
 p - 3 scrolls of teleportation
Potions
 b - a potion of might
 f - a potion of heal wounds
 h - a potion of mutation
 i - 3 potions of curing
 k - a potion of haste

Dungeon Overview and Level Annotations

Branches:
Dungeon (10/15)            Temple (0/1) D:6
   Lair: D:8-11         Orc: D:9-12

Altars:
Elyvilon
Nemelex Xobeh

Shops:
D:5 (   D:6 *   D:8 (

Annotations:
D:5 2 runed translucent doors
D:10 Erica, Josephine


Message History

You feel sick.
A yak comes into view.
You hear a zap.
A bolt of acid appears from out of thin air!
The bolt of acid hits you. The acid corrodes you!
Josephine hits you with a +0 dagger.
You closely miss Josephine.
Josephine is moderately wounded.
You completely miss the wraith.
The yak bellows!
You hit something. You barely miss the yak.
You feel sick. The yak barely misses you. You furiously retaliate!
You headbutt the yak, but do no damage. Something hits you but does no damage.
Josephine hits you but does no damage. The wraith hits you but does no damage.
You hit Josephine.
Josephine is moderately wounded.
You slash the yak! You hit the wraith but do no damage. You hit something.
You feel sick.
You are no longer poisoned.
The yak gores you but does no damage. Something hits you but does no damage.
Josephine hits you but does no damage. The wraith hits you but does no damage.
You hit the yak. Your headbutt misses the yak.
The yak is heavily wounded.
You closely miss Josephine. You hit the wraith but do no damage.
You slash something! The yak closely misses you.
Josephine hits you but does no damage. The wraith hits you but does no damage.
Something hits you! Something burns you. The wraith hits you!
The wraith drains your vigour!
You feel as though you will be slow longer.
Josephine hits you but does no damage. The yak closely misses you.
Something hits you but does no damage.
You barely miss the yak.
The yak is heavily wounded.
You hit Josephine but do no damage. You hit the wraith but do no damage.
You barely miss something. The yak gores you!
You hear a zap.
A bolt of acid appears from out of thin air!
The bolt of acid hits you!!
You die...

##..........
...#.#####.# #..#
##)..#####.#### #..#
###....[....[# #..#
#)#####.##.# #..## .
#.# #)##.# #...###.#
#.# #.##.###Y.......
#.# #.....##@Y..##..
#.# #.##...@WW......
#.. ........Y{Y......
#............Y).......
##.####<###.......#...
.# #. #.......# .# #
#.......# # #...###.#
#.... .. ##..# #.


You could see Josephine, 5 yaks and 2 wraiths.

Vanquished Creatures
  Gastronok (D:9)
  A two-headed ogre (D:9)
  Prince Ribbit (D:7)
  A troll (D:7)
  A shadow (D:9)
  Sigmund (D:3)
  2 wraiths (D:10)
  19 yaks
  2 steam dragons
  A water moccasin (D:6)
  An acid dragon (D:10)
  2 orc warriors
  2 black bears
  6 ogres
  4 centaurs
  A phantom (D:6)
  A kobold brigand (D:9)
  Blork the orc (D:5)
  3 gnoll sergeants
  5 scorpions
  6 bullfrogs
  4 necrophages
  4 wights (D:8)
  6 killer bees
  A hound (D:4)
  2 orc priests
  7 jellies
  8 iguanas
  Natasha (thrice) (D:3)
  2 orc wizards
  13 gnolls
  A river rat (D:6)
  5 adders
  2 shadow imps
  A white imp (D:5)
  An ufetubus (D:5)
  A worm (D:2)
  A dart slug (D:3)
  22 orcs
  8 ball pythons
  7 endoplasms
  3 giant cockroaches
  14 goblins
  4 hobgoblins
  3 jackals
  9 kobolds
  4 quokkas
  8 bats
  10 frilled lizards
  8 rats
224 creatures vanquished.

Vanquished Creatures (others)
  A plant (D:8)
1 creature vanquished.

Grand Total: 225 creatures vanquished

Notes
Turn   | Place    | Note
-------+----------+-------------------------------------------
     0 | D:1      | qw the Minotaur Berserker began the quest for the Orb.
     0 | D:1      | Reached XP level 1. HP: 19/19 MP: 0/0
     0 | D:1      | 0 ||| qw: Version: 0.1-a-119-g272c26d
     0 | D:1      | 0 ||| qw: Game counter: 10679
     0 | D:1      | 0 ||| qw: Always use a shield: true
     0 | D:1      | 0 ||| qw: Do Orc after D:15 true
     0 | D:1      | 0 ||| qw: Do second Lair branch before Depths: true
     0 | D:1      | 0 ||| qw: Lair rune preference: random
     0 | D:1      | 0 ||| qw: Plans: Normal
     0 | D:1      | 0 ||| PLANNING D:1-11
   152 | D:1      | Reached skill level 4 in Axes
   298 | D:1      | Reached XP level 2. HP: 24/26 MP: 1/1
   514 | D:1      | Found a faded altar of an unknown god.
   855 | D:1      | 855 ||| UPGRADING to +0 scale mail.
   865 | D:1      | 865 ||| DROPPING +0 animal skin.
   866 | D:1      | 866 ||| READING 2 scrolls labelled WEFYUGR TOFEDO.
   867 | D:1      | 867 ||| READING 2 scrolls labelled KETYHO MU CORR.
   868 | D:1      | 868 ||| DROPPING scroll of amnesia.
   877 | D:2      | Found a white marble altar of Elyvilon.
   881 | D:2      | 881 ||| STAIRDANCE
   919 | D:2      | 919 ||| STAIRDANCE
   940 | D:2      | 940 ||| STAIRDANCE
  1001 | D:2      | 1001 ||| INVOKING Berserk.
  1004 | D:2      | Reached skill level 5 in Axes
  1009 | D:2      | 1009 ||| STAIRDANCE
  1143 | D:2      | Reached XP level 3. HP: 30/31 MP: 2/2
  1158 | D:2      | Reached ** piety under Trog
  1497 | D:2      | 1497 ||| DROPPING scarf of shadows.
  1498 | D:2      | 1498 ||| READING scroll labelled NEHAUS OGHUB.
  1499 | D:2      | 1499 ||| READING scroll labelled ISHATZOIQU.
  1635 | D:2      | 1635 ||| DRINKING 2 viscous amethyst potions.
  1636 | D:2      | 1636 ||| READING 2 scrolls of identify.
  1636 | D:2      | 1636 ||| IDENTIFYING fuming sapphire potion
  1637 | D:2      | 1637 ||| DROPPING potion of lignification.
  1729 | D:3      | Noticed an ogre
  1736 | D:3      | 1736 ||| INVOKING Berserk.
  1740 | D:3      | Killed an ogre
  1741 | D:3      | Reached skill level 6 in Axes
  1741 | D:3      | Reached XP level 4. HP: 32/39 MP: 3/3
  1741 | D:3      | Reached XP level 5. HP: 37/45 MP: 4/4
  1743 | D:3      | Reached skill level 7 in Axes
  2075 | D:3      | 2075 ||| SWAPPING to +0 hand axe of flaming.
  2076 | D:3      | 2076 ||| DROPPING +0 club.
  2077 | D:3      | 2077 ||| DROPPING +1 hand axe.
  2091 | D:3      | Noticed Sigmund
  2092 | D:3      | 2092 ||| Stepping ~*~*~tactically~*~*~ (hiding).
  2095 | D:3      | 2095 ||| INVOKING Berserk.
  2099 | D:3      | Killed Sigmund
  2100 | D:3      | Reached XP level 6. HP: 57/57 MP: 5/5
  2298 | D:3      | Noticed Natasha
  2303 | D:3      | 2303 ||| INVOKING Berserk.
  2306 | D:3      | Killed Natasha
  2307 | D:3      | Reached skill level 1 in Throwing
  2330 | D:3      | Noticed Natasha
  2335 | D:3      | Killed Natasha
  2398 | D:3      | 2398 ||| Stepping ~*~*~tactically~*~*~ (stealth).
  2402 | D:3      | 2402 ||| Stepping ~*~*~tactically~*~*~ (hiding).
  2438 | D:3      | Noticed Natasha
  2441 | D:3      | 2441 ||| INVOKING Berserk.
  2442 | D:3      | Killed Natasha
  2601 | D:3      | 2601 ||| READING scroll labelled GOUCIGGEZUKK.
  2602 | D:3      | 2602 ||| READING scroll labelled BASAECOAME.
  2603 | D:3      | 2603 ||| READING 2 scrolls labelled XANAEC SAAMAR.
  2607 | D:3      | 2607 ||| DRINKING 2 glowing ruby potions.
  2608 | D:3      | 2608 ||| DRINKING 2 bubbling inky potions.
  2609 | D:3      | 2609 ||| READING 2 scrolls of identify.
  2609 | D:3      | 2609 ||| IDENTIFYING cyan potion
  2610 | D:3      | 2610 ||| DROPPING potion of attraction.
  2717 | D:4      | Reached skill level 8 in Axes
  2932 | D:4      | 2932 ||| Stepping ~*~*~tactically~*~*~ (stealth).
  2936 | D:4      | Reached *** piety under Trog
  2939 | D:4      | Reached XP level 7. HP: 62/62 MP: 6/6
  3144 | D:4      | Identified the +4 rapier "Fuiggeb" {pain, rF+ Str+3}
  3238 | D:4      | 3238 ||| Stepping ~*~*~tactically~*~*~ (hiding).
  3242 | D:4      | 3242 ||| INVOKING Berserk.
  3390 | D:4      | 3390 ||| INVOKING Berserk.
  3392 | D:4      | Reached skill level 9 in Axes
  3574 | D:4      | 3574 ||| READING scroll of enchant weapon.
  3574 | D:4      | 3574 ||| ENCHANTING +0 hand axe of flaming.
  3589 | D:4      | 3589 ||| Stepping ~*~*~tactically~*~*~ (stealth).
  3592 | D:4      | 3592 ||| Stepping ~*~*~tactically~*~*~ (stealth).
  3594 | D:4      | 3594 ||| Stepping ~*~*~tactically~*~*~ (stealth).
  3601 | D:4      | 3601 ||| Stepping ~*~*~tactically~*~*~ (stealth).
  3602 | D:4      | 3602 ||| Stepping ~*~*~tactically~*~*~ (stealth).
  3806 | D:4      | 3806 ||| INVOKING Berserk.
  3984 | D:4      | 3984 ||| READING scroll labelled YMEOTZ OXAYLU.
  3985 | D:4      | 3985 ||| DRINKING 2 golden potions.
  4086 | D:4      | 4086 ||| DROPPING potion of ambrosia.
  4087 | D:4      | 4087 ||| DROPPING potion of berserk rage.
  4113 | D:5      | Entered Level 5 of the Dungeon
  4113 | D:5      | Found Ritit's Antique Weapon Emporium.
  4115 | D:5      | 4115 ||| Stepping ~*~*~tactically~*~*~ (stealth).
  4118 | D:5      | 4118 ||| INVOKING Berserk.
  4121 | D:5      | Reached skill level 10 in Axes
  4122 | D:5      | Reached skill level 6 in Fighting
  4125 | D:5      | Reached XP level 8. HP: 71/71 MP: 7/7
  4296 | D:5      | 4296 ||| SWAPPING to +0 war axe.
  4331 | D:5      | 4331 ||| INVOKING Berserk.
  4337 | D:5      | 4337 ||| Stepping ~*~*~tactically~*~*~ (stealth).
  4393 | D:5      | 4393 ||| FLEEEEING.
  4394 | D:5      | 4394 ||| Stepping ~*~*~tactically~*~*~ (stealth).
  4397 | D:5      | Reached skill level 11 in Axes
  4398 | D:5      | 4398 ||| FLEEEEING.
  4399 | D:5      | 4399 ||| FLEEEEING.
  4400 | D:5      | 4400 ||| FLEEEEING.
  4401 | D:5      | 4401 ||| FLEEEEING.
  4403 | D:5      | 4403 ||| FLEEEEING.
  4404 | D:5      | 4404 ||| FLEEEEING.
  4405 | D:5      | 4405 ||| FLEEEEING.
  4406 | D:5      | 4406 ||| FLEEEEING.
  4407 | D:5      | 4407 ||| FLEEEEING.
  4408 | D:5      | 4408 ||| FLEEEEING.
  4409 | D:5      | 4409 ||| STAIRDANCE
  4521 | D:5      | 4521 ||| STAIRDANCE
  4666 | D:5      | Reached skill level 12 in Axes
  4666 | D:5      | 4666 ||| STAIRDANCE
  5003 | D:5      | 5003 ||| Stepping ~*~*~tactically~*~*~ (hiding).
  5005 | D:5      | 5005 ||| Stepping ~*~*~tactically~*~*~ (hiding).
  5113 | D:5      | Found a runed translucent door.
  5115 | D:5      | Found a runed translucent door.
  5156 | D:5      | 5156 ||| INVOKING Berserk.
  5347 | D:5      | Reached skill level 3 in Armour
  5347 | D:5      | Reached XP level 9. HP: 79/79 MP: 8/8
  5518 | D:5      | 5518 ||| Stepping ~*~*~tactically~*~*~ (hiding).
  5519 | D:5      | 5519 ||| Stepping ~*~*~tactically~*~*~ (hiding).
  5520 | D:5      | 5520 ||| INVOKING Berserk.
  5536 | D:5      | 5536 ||| Stepping ~*~*~tactically~*~*~ (hiding).
  5544 | D:5      | HP: 15/79 [gnoll sergeant/+0 spear (9)]
  5545 | D:5      | 5545 ||| READING 3 scrolls of teleportation.
  5837 | D:5      | Noticed Blork the orc
  5838 | D:5      | 5838 ||| INVOKING Berserk.
  5844 | D:5      | Killed Blork the orc
  6004 | D:5      | 6004 ||| Stepping ~*~*~tactically~*~*~ (hiding).
  6015 | D:5      | Reached skill level 13 in Axes
  6016 | D:5      | 6016 ||| FLEEEEING.
  6017 | D:5      | 6017 ||| FLEEEEING.
  6018 | D:5      | 6018 ||| FLEEEEING.
  6019 | D:5      | 6019 ||| FLEEEEING.
  6020 | D:5      | 6020 ||| FLEEEEING.
  6021 | D:5      | 6021 ||| FLEEEEING.
  6022 | D:5      | 6022 ||| FLEEEEING.
  6023 | D:5      | 6023 ||| FLEEEEING.
  6024 | D:5      | 6024 ||| FLEEEEING.
  6037 | D:5      | 6037 ||| FLEEEEING.
  6038 | D:5      | 6038 ||| FLEEEEING.
  6039 | D:5      | 6039 ||| FLEEEEING.
  6040 | D:5      | 6040 ||| FLEEEEING.
  6041 | D:5      | 6041 ||| FLEEEEING.
  6042 | D:5      | 6042 ||| FLEEEEING.
  6043 | D:5      | 6043 ||| FLEEEEING.
  6044 | D:5      | 6044 ||| FLEEEEING.
  6045 | D:5      | 6045 ||| FLEEEEING.
  6046 | D:5      | 6046 ||| STAIRDANCE
  6125 | D:4      | 6125 ||| UPGRADING to +0 chain mail.
  6135 | D:4      | 6135 ||| DROPPING +0 scale mail.
  6136 | D:4      | 6136 ||| READING scroll labelled ECVOUHI KOJO.
  6137 | D:4      | 6137 ||| DRINKING 2 amethyst potions.
  6138 | D:4      | 6138 ||| READING 3 scrolls of identify.
  6138 | D:4      | 6138 ||| IDENTIFYING inky potion
  6139 | D:4      | 6139 ||| READING 2 scrolls of identify.
  6139 | D:4      | 6139 ||| IDENTIFYING murky orange potion
  6140 | D:4      | 6140 ||| DROPPING potion of flight.
  6141 | D:4      | 6141 ||| DROPPING potion of degeneration.
  6190 | D:5      | 6190 ||| Stepping ~*~*~tactically~*~*~ (stealth).
  6192 | D:5      | 6192 ||| Stepping ~*~*~tactically~*~*~ (hiding).
  6314 | D:5      | 6314 ||| UPGRADING to +0 pair of gloves.
  6347 | D:6      | 6347 ||| PLANNING SEWER
  6359 | D:6      | 6359 ||| INVOKING Berserk.
  6484 | D:6      | Found Zequsigecs's Assorted Antiques.
  6493 | D:6      | 6493 ||| BUYING pair of boots (144 gold).
  6493 | D:6      | Bought a pair of boots for 144 gold pieces
  6493 | D:6      | 6493 ||| SHOPLISTING potion of heal wounds (160 gold, have
                  | 118).
  6493 | D:6      | 6493 ||| BUYING scroll labelled DAYDDYLOKE (32 gold).
  6493 | D:6      | Bought a scroll labelled DAYDDYLOKE for 32 gold pieces
  6493 | D:6      | 6493 ||| BUYING scroll labelled FIURHO CYSIJON (32 gold).
  6493 | D:6      | Bought a scroll labelled FIURHO CYSIJON for 32 gold pieces
  6532 | D:6      | 6532 ||| INVOKING Berserk.
  6828 | D:6      | Found a staircase to the Ecumenical Temple.
  6832 | D:6      | 6832 ||| Stepping ~*~*~tactically~*~*~ (hiding).
  7026 | D:6      | 7026 ||| INVOKING Berserk.
  7026 | D:6      | 7026 ||| RIP SEWER
  7027 | D:6      | 7027 ||| PLANNING D:1-11
  7299 | D:6      | Reached skill level 3 in Throwing
  7355 | D:6      | 7355 ||| INVOKING Berserk.
  7541 | D:6      | 7541 ||| Stepping ~*~*~tactically~*~*~ (stealth).
  7543 | D:6      | 7543 ||| Stepping ~*~*~tactically~*~*~ (stealth).
  7550 | D:6      | 7550 ||| INVOKING Berserk.
  7999 | D:6      | 7999 ||| UPGRADING to +0 pair of boots.
  8004 | D:6      | 8004 ||| UPGRADING to +0 cloak.
  8009 | D:6      | 8009 ||| UPGRADING to +0 plate armour.
  8019 | D:6      | 8019 ||| DROPPING +0 chain mail.
  8020 | D:6      | 8020 ||| DROPPING amulet of faith.
  8021 | D:6      | 8021 ||| READING scroll labelled DAYDDYLOKE.
  8022 | D:6      | 8022 ||| READING scroll labelled FIURHO CYSIJON.
  8023 | D:6      | 8023 ||| READING 2 scrolls of identify.
  8023 | D:6      | 8023 ||| IDENTIFYING metallic blue potion
  8024 | D:6      | 8024 ||| DROPPING potion of brilliance.
  8293 | D:7      | 8293 ||| Stepping ~*~*~tactically~*~*~ (hiding).
  8303 | D:7      | 8303 ||| INVOKING Berserk.
  8446 | D:7      | 8446 ||| Stepping ~*~*~tactically~*~*~ (stealth).
  8447 | D:7      | 8447 ||| INVOKING Berserk.
  8452 | D:7      | Reached skill level 6 in Armour
  8472 | D:7      | 8472 ||| Stepping ~*~*~tactically~*~*~ (stealth).
  8612 | D:7      | 8612 ||| Stepping ~*~*~tactically~*~*~ (stealth).
  8613 | D:7      | 8613 ||| Stepping ~*~*~tactically~*~*~ (stealth).
  8614 | D:7      | 8614 ||| Stepping ~*~*~tactically~*~*~ (stealth).
  8617 | D:7      | 8617 ||| INVOKING Berserk.
  8780 | D:7      | Identified the +9 sling of Ferocious Tender Mercy {flame,
                  | rPois Int+8 Dex-4 Stlth-}
  8783 | D:7      | Noticed a troll
  8787 | D:7      | 8787 ||| INVOKING Berserk.
  8789 | D:7      | Killed a troll
  8974 | D:7      | 8974 ||| Stepping ~*~*~tactically~*~*~ (stealth).
  8977 | D:7      | 8977 ||| INVOKING Berserk.
  9110 | D:7      | Reached XP level 10. HP: 88/88 MP: 9/9
  9232 | D:7      | 9232 ||| INVOKING Berserk.
  9415 | D:7      | Reached skill level 14 in Axes
  9418 | D:7      | Found a sparkling altar of Nemelex Xobeh.
  9516 | D:7      | Noticed Prince Ribbit
  9533 | D:7      | Killed Prince Ribbit
  9766 | D:7      | 9766 ||| READING 2 scrolls labelled EVOTHU NENE.
  9767 | D:7      | 9767 ||| DROPPING scroll of noise.
  9805 | D:8      | Found Coalay's Hydra Hut.
  9809 | D:8      | Noticed an eight-headed hydra
  9812 | D:8      | 9812 ||| SHOPLISTING +2 broad axe of flaming (230 gold,
                  | have 116).
  9952 | D:8      | 9952 ||| Stepping ~*~*~tactically~*~*~ (stealth).
  9978 | D:8      | 9978 ||| Stepping ~*~*~tactically~*~*~ (stealth).
  9992 | D:8      | 9992 ||| INVOKING Berserk.
 10130 | D:8      | 10130 ||| Stepping ~*~*~tactically~*~*~ (hiding).
 10172 | D:8      | 10172 ||| READING scroll of enchant armour.
 10172 | D:8      | 10172 ||| ENCHANTING +0 pair of gloves.
 10309 | D:8      | 10309 ||| Stepping ~*~*~tactically~*~*~ (hiding).
 10310 | D:8      | 10310 ||| Stepping ~*~*~tactically~*~*~ (hiding).
 10478 | D:8      | 10478 ||| INVOKING Berserk.
 10693 | D:8      | 10693 ||| Stepping ~*~*~tactically~*~*~ (hiding).
 10700 | D:8      | 10700 ||| INVOKING Berserk.
 11086 | D:8      | 11086 ||| READING 3 scrolls labelled HARONUSHEUCW.
 11087 | D:8      | 11087 ||| READING 6 scrolls of identify.
 11087 | D:8      | 11087 ||| IDENTIFYING purple potion
 11088 | D:8      | 11088 ||| DROPPING 2 scrolls of magic mapping.
 11142 | D:9      | 11142 ||| READING scroll of enchant weapon.
 11142 | D:9      | 11142 ||| ENCHANTING +0 war axe.
 11487 | D:9      | Noticed a two-headed ogre
 11491 | D:9      | 11491 ||| INVOKING Berserk.
 11494 | D:9      | Killed a two-headed ogre
 11495 | D:9      | Reached skill level 15 in Axes
 11722 | D:9      | Noticed Gastronok
 11723 | D:9      | 11723 ||| Stepping ~*~*~tactically~*~*~ (hiding).
 11725 | D:9      | 11725 ||| FLEEEEING.
 11741 | D:9      | 11741 ||| FLEEEEING.
 11761 | D:9      | 11761 ||| FLEEEEING.
 11773 | D:9      | 11773 ||| INVOKING Berserk.
 11786 | D:9      | Killed Gastronok
 11923 | D:9      | 11923 ||| FLEEEEING.
 12141 | D:9      | Reached skill level 3 in Dodging
 12373 | D:9      | 12373 ||| UPGRADING to +1 hat.
 12378 | D:9      | 12378 ||| READING scroll labelled EPHOF WUSANK.
 12379 | D:9      | 12379 ||| READING 7 scrolls of identify.
 12379 | D:9      | 12379 ||| IDENTIFYING bubbling dark potion
 12380 | D:9      | 12380 ||| DROPPING potion of magic.
 12381 | D:9      | 12381 ||| READING 4 scrolls of teleportation.
 12423 | D:10     | Entered Level 10 of the Dungeon
 12433 | D:10     | Reached XP level 11. HP: 101/101 MP: 10/10
 12519 | D:10     | Reached skill level 16 in Axes
 12614 | D:10     | 12614 ||| FLEEEEING.
 12615 | D:10     | 12615 ||| FLEEEEING.
 12617 | D:10     | 12617 ||| Stepping ~*~*~tactically~*~*~ (stealth).
 12618 | D:10     | 12618 ||| Stepping ~*~*~tactically~*~*~ (stealth).
 12620 | D:10     | Reached **** piety under Trog
 12635 | D:10     | 12635 ||| Stepping ~*~*~tactically~*~*~ (stealth).
 12652 | D:10     | 12652 ||| FLEEEEING.
 12653 | D:10     | 12653 ||| FLEEEEING.
 12658 | D:10     | 12658 ||| FLEEEEING.
 12659 | D:10     | 12659 ||| FLEEEEING.
 12661 | D:10     | 12661 ||| FLEEEEING.
 12662 | D:10     | 12662 ||| FLEEEEING.
 12720 | D:10     | Noticed Erica
 12724 | D:10     | 12724 ||| INVOKING Berserk.
 12726 | D:10     | Noticed Josephine
 12739 | D:10     | Reached skill level 9 in Armour
 12744 | D:10     | HP: 19/101 [yak (12)]
 12744 | D:10     | Killed from afar by Erica

Levels and vault maps discovered:
D:1:      lightli_arrival_statuegarden, layout_basic,
          hellmonk_ecumenical_altar_run_dry
D:2:      cheibrodos_helix_gallery, layout_rooms, basic_altar,
          minmay_lizard_pond
D:3:      minmay_wonky_spiral, layout_rooms, dk_noncrumbling_2,
          minmay_misc_feat_tiny, minmay_ogre_servants, uniq_natasha,
          uniq_sigmund
D:4:      layout_basic
D:5:      lemuel_insect_pit, layout_loops_cross, serial_shops,
          nicolae_stop_n_shop_1, st_stairs_11,
          eino_small_chamber_without_monster, grunt_ministairs_7,
          guppyfry_early_orc_mine, uniq_blork_the_orc
D:6:      layout_basic, minmay_temple_entry_large_hall, portal_sewer_entry_e,
          serial_shops, shop
D:7:      layout_loops_ring, nemelex_dance_club_becter,
          hangedman_decor_diamond_cutter, uniq_prince_ribbit1
D:8:      layout_layer_cave, doesnt_shop_hydraphobe
D:9:      layout_stronghold, uniq_gastronok
D:10:     layout_loops_ring, uniq_josephine, uniq_urug, uniq_erica

Skill      XL: |  1  2  3  4  5  6  7  8  9 10 11 |
---------------+----------------------------------+-----
Axes           | 4 5 6 7 8 10 12 13 15 16 | 16.0
Fighting       | 5 6 7 8 10 | 10.4
Throwing       | 1 2 3 |  3.5
Armour         | 3 7 8 9 |  9.1
Dodging        | 3 |  3.2

Action                   |  1- 3 |  4- 6 |  7- 9 | 10-12 || total
-------------------------+-------+-------+-------+-------++-------
Melee: Hand axe          |    88 |    60 |    53 |       ||   201
       Headbutt          |    10 |     6 |    46 |    37 ||    99
       Punch             |     1 |     2 |     1 |       ||     4
       War axe           |       |       |   170 |   160 ||   330
Throw: Javelin           |       |     9 |    34 |    17 ||    60
       Boomerang         |       |       |     2 |    38 ||    40
Invok: Berserk           |     2 |     3 |    18 |     7 ||    30
  Use: Scroll            |     5 |     4 |     9 |     8 ||    26
       Potion            |     1 |     2 |     2 |       ||     5
Armor: Animal skin       |     4 |       |       |       ||     4
       Scale mail        |    28 |    20 |    19 |       ||    67
       Chain mail        |       |       |    21 |       ||    21
       Plate armour      |       |       |    15 |    97 ||   112
Dodge: Dodged            |    46 |    24 |    88 |    54 ||   212

Table legend:
 A = Non-vault XP
 B = Vault XP
 C = Vault XP percentage of total XP
 D = Non-vault monster count
 E = Vault monster count
 F = Vault count percentage of total count
                 A         B        C        D         E       F
            +---------+---------+-------+---------+---------+-------
      Total |   10559 |    3432 |  24.5 |     175 |      49 |  21.9
            +---------+---------+-------+---------+---------+-------
        D:1 |      27 |       2 |   6.9 |      17 |       2 |  10.5
        D:2 |      31 |       7 |  18.4 |      11 |       6 |  35.3
        D:3 |      94 |     404 |  81.1 |      16 |      14 |  46.7
        D:4 |     848 |       0 |   0.0 |      23 |       0 |   0.0
        D:5 |    1349 |     596 |  30.6 |      22 |      13 |  37.1
        D:6 |    1024 |      23 |   2.2 |      20 |       8 |  28.6
        D:7 |    1310 |     406 |  23.7 |      16 |       3 |  15.8
        D:8 |    1020 |       0 |   0.0 |      16 |       0 |   0.0
        D:9 |    2115 |    1575 |  42.7 |      15 |       1 |   6.2
       D:10 |    2741 |     419 |  13.3 |      19 |       2 |   9.5
            +---------+---------+-------+---------+---------+-------
